 Dungeon Crawl Stone Soup version 0.19.1-1-g22dce08 (webtiles) character file.

276 Gargoyl the Skirmisher (level 6, 0/52 HPs)
             Began as a Ghoul Abyssal Knight on Jan 14, 2017.
             Was a Believer of Lugonu.
             Slain by an orc wizard
             ... wielding a +0 dagger
              (3 damage)
             ... on level 3 of the Dungeon.
             The game lasted 00:05:46 (2778 turns).

Gargoyl the Skirmisher (Ghoul Abyssal Knight)       Turns: 2778, Time: 00:05:47

Health: 0/52       AC:  9    Str: 16    XL:     6   Next: 25%
Magic:  7/7        EV: 12    Int:  7    God:    Lugonu [**....]
Gold:   258        SH:  7    Dex: 15    Spells: 0 memorised, 5 levels left

rFire  . . .     SeeInvis .     a - +1 hand axe
rCold  + . .     Gourm    .     t - +0 scale mail
rNeg   + + +     Faith    .     s - +0 shield
rPois  ∞         Spirit   .     (no helmet)
rElec  .         Reflect  .     l - +1 cloak
rCorr  .         Harm     .     (no gloves)
MR     .....                    (no boots)
Stlth  +.........               (no amulet)
                                (no ring)
                                (no ring)

@: agile, rotting
A: rotting body, claws 1, carnivore 3, cold resistance 1, negative energy
resistance 3, slow regeneration 1, torment resistance, unbreathing
a: Depart the Abyss, Bend Space, Renounce Religion


You were on level 3 of the Dungeon.
You worshipped Lugonu.
Lugonu was pleased with you.
You were not hungry.

You visited 1 branch of the dungeon, and saw 4 of its levels.
You visited the Abyss 1 time.

You collected 258 gold pieces.

Inventory:

Hand Weapons
 a - a +1 hand axe (weapon)
Armour
 l - a +1 cloak (worn)
 s - a +0 shield (worn)
 t - a +0 scale mail (worn)
Scrolls
 d - a scroll of enchant weapon {unknown}
 g - a scroll of remove curse
 j - a scroll of noise {unknown}
 m - 4 scrolls of teleportation {unknown}
 p - a scroll of immolation {unknown}
 q - 3 scrolls of identify {unknown}
Potions
 e - a potion of brilliance
 i - a potion of magic
 n - a potion of cancellation {unknown}
 r - a potion of mutation {unknown}
Comestibles
 c - 2 meat rations
 f - 7 chunks of flesh
 h - a royal jelly


   Skills:
 + Level 4.0 Fighting
 + Level 3.1 Axes
 * Level 4.0 Armour
 + Level 1.1 Dodging
 + Level 0.3 Shields
 * Level 3.3 Invocations


You had 5 spell levels left.
You didn't know any spells.

Dungeon Overview and Level Annotations

Branches:
Dungeon (4/15)
 Temple: D:4-7

Altars:
Makhleb
Nemelex Xobeh
Yredelemnul


Innate Abilities, Weirdness & Mutations

Your body is rotting away.
You thrive on raw meat.
You are immune to poison.
You have sharp fingernails.
You are carnivorous and can eat meat at any time.
Your flesh is cold resistant. (rC+)
You are immune to negative energy. (rN+++)
You regenerate slowly when monsters are visible.
You are immune to unholy pain and torment.
You can survive without breathing.


Message History

The orc wizard hits you but does no damage. x2
Unknown command.
Okay, then.
Space bends around you!
You blink.
* * * LOW HITPOINT WARNING * * *
It was a potion of berserk rage.
You cannot raise a blood rage in your lifeless body.
It was a potion of cure mutation.
It has a very clean taste.
It was a potion of agility.
You feel agile all of a sudden.
You barely miss the orc wizard.
The orc wizard is heavily wounded.
The orc wizard hits you but does no damage.
You hit the orc wizard but do no damage.
The orc wizard is heavily wounded.
The orc wizard barely misses you. You block the orc wizard's attack.
You slash the orc wizard!
The orc wizard is almost dead.
The orc wizard hits you with a dagger.
You die...

... ..... #.# # #.#
#... #.#. #. #.#
#... #.#.
#.##.#####.. #.#.
#.##.#......
#.#.###..#.#..##..
#.#...............
#.#...P.P..#...#..
#@#.#.._).)#...#..
#o#...P.P..#...#..
#o##..o....#...##.
#....#..##.#...##.
#.................
.......#.........##.
..♣♣♣..####.##.#....
#♣.# .# # ♣.. #


You could see an orc wizard and an orc.

Vanquished Creatures
  A scorpion (D:4)
  An orc priest (D:3)
  3 orc wizards
  Ijyb (D:2)
  3 adders
  2 oozes (D:1)
  A dart slug (D:2)
  2 leopard geckos
  8 orcs
  5 bats
  3 giant cockroaches
  5 goblins
  2 hobgoblins
  5 kobolds
  A ball python (D:3)
  5 frilled lizards
  11 rats
59 creatures vanquished.

Notes
Turn   | Place    | Note
-------+----------+-------------------------------------------
     0 | Abyss:1  | Gargoyl the Ghoul Abyssal Knight began the quest for the Orb.
     0 | Abyss:1  | Reached XP level 1. HP: 19/19 MP: 1/1
    51 | Abyss:2  | Noticed a lich
    54 | D:1      | Escaped the Abyss
   138 | D:1      | Reached XP level 2. HP: 26/26 MP: 2/2
   175 | D:1      | Found a sparkling altar of Nemelex Xobeh.
   211 | D:1      | Reached * piety under Lugonu
   398 | D:1      | Reached XP level 3. HP: 22/31 MP: 3/3
   634 | D:1      | You fall through a shaft!
   820 | D:2      | Found a burning altar of Makhleb.
   820 | D:2      | Noticed a green death
   824 | D:2      | Noticed a smoke demon
   824 | D:2      | Noticed a ynoxinul
  1207 | D:2      | Reached XP level 4. HP: 37/38 MP: 5/5
  1378 | D:2      | Noticed Ijyb
  1407 | D:2      | Killed Ijyb
  1810 | D:3      | Reached ** piety under Lugonu
  1852 | D:3      | Reached XP level 5. HP: 34/46 MP: 6/6
  2254 | D:4      | Reached skill level 1 in Dodging
  2270 | D:4      | HP: 2/46 [fell downstairs (1)]
  2611 | D:4      | Reached XP level 6. HP: 36/52 MP: 7/7
  2751 | D:3      | Found a basalt altar of Yredelemnul.
  2766 | D:3      | HP: 2/52 [spatial distortion (4)]
  2778 | D:3      | Slain by an orc wizard

Skill      XL: |  1  2  3  4  5  6 |
---------------+-------------------+-----
Armour         | 2 3 4 |  4.0
Axes           | 2 3 |  3.1
Invocations    | 3 |  3.3
Dodging        | 1 |  1.1
Fighting       | 4 |  4.0
Shields        | |  0.3

Action                   |  1- 3 |  4- 6 || total
-------------------------+-------+-------++-------
Melee: Hand axe          |    87 |   169 ||   256
Invok: Depart the Abyss  |     1 |       ||     1
       Bend Space        |       |     2 ||     2
  Use: Scroll            |       |     2 ||     2
       Potion            |       |     7 ||     7
  Eat: Chunk             |    12 |    20 ||    32
Armor: Chain mail        |    65 |    63 ||   128
       Scale mail        |       |    48 ||    48
Dodge: Dodged            |    27 |    53 ||    80
Block: Buckler           |     9 |    10 ||    19
       Shield            |       |    27 ||    27
